 Dungeon Crawl Stone Soup version 0.27.1-4-g1640c2035a (webtiles) character file.

Game seed: 15859121014993152950

129749 bearlyready the Warrior (level 17, -2/288 HPs)
             Began as an Ogre Brigand on Nov 15, 2021.
             Was the Champion of Trog.
             Slain by a nagaraja (18 damage)
             ... on level 1 of the Snake Pit.
             The game lasted 01:02:47 (32098 turns).

bearlyready the Warrior (Ogre Brigand)             Turns: 32098, Time: 01:02:48

Health: -2/288     AC:  8    Str: 24    XL:     17   Next: 6%
Magic:  1/17       EV: 16    Int: 12    God:    Trog [******]
Gold:   3884       SH:  0    Dex: 10    Spells: 16/16 levels left

rFire    . . .     SeeInvis +   f - +7 giant spiked club (vorpal)
rCold    . . .     Faith    .   (shield currently unavailable)
rNeg     . . .     Spirit   .   w - +2 robe of Vines {NoPotionHeal Regen+++}
rPois    +         Reflect  .   j - +0 mask of the Dragon {Will+ Slay+3 SInv}
rElec    .         Harm     .   D - +2 cloak
rCorr    .         Rampage  .   (gloves unavailable)
Will     ++...                  (boots unavailable)
Stlth    ..........             M - amulet of regeneration
HPRegen  4.58/turn              q - ring of poison resistance
MPRegen  0.15/turn              Y - +4 ring of evasion

@: berserking, lethally poisoned (-2 -> -2), very quick
A: large, unfitting armour, tough skin 1
a: Renounce Religion, Berserk, Trog's Hand, Brothers in Arms


You were on level 1 of the Snake Pit.
You worshipped Trog.
Trog was exalted by your worship.
You visited 6 branches of the dungeon, and saw 26 of its levels.

You collected 4418 gold pieces.
You spent 534 gold pieces at shops.

Inventory:

Hand Weapons
 f - a +7 vorpal giant spiked club (weapon)
 m - a +5 antimagic great mace
Missiles
 d - 90 poisoned darts
 k - 3 curare-tipped darts
 r - 5 silver boomerangs
 u - 33 boomerangs
 E - 5 throwing nets
 N - 32 large rocks (quivered)
 Z - 8 datura-tipped darts
Armour
 j - the +0 mask of the Dragon (worn) {Will+ Slay+3 SInv}
   (You found it on level 4 of the Dungeon)

   Slay:      It affects your accuracy & damage with ranged weapons and melee
   (+3).
   SInv:      It lets you see invisible.
   Will:      It increases your willpower.
 w - the +2 robe of Vines (worn) {NoPotionHeal Regen+++}
   (You found it on level 5 of the Lair of Beasts)

   Its wearer cannot be healed by potions.
   Regen:     It increases your rate of health regeneration.
 D - a +2 cloak (worn)
 O - a +0 troll leather armour
Jewellery
 q - a ring of poison resistance (left hand)
 M - an amulet of regeneration (around neck)
 T - an amulet of guardian spirit
 V - a ring of protection from fire
 Y - a +4 ring of evasion (right hand)
Wands
 g - a wand of iceblast (46)
 n - a wand of digging (11)
 v - a wand of mindburst (12)
 x - a wand of paralysis (14)
 y - a wand of charming (7)
 Q - a wand of polymorph (25)
 W - a wand of flame (51)
Scrolls
 a - 9 scrolls of blinking
 h - 4 scrolls of summoning
 i - 3 scrolls of fog
 o - 4 scrolls of identify
 p - 12 scrolls of teleportation
 A - 2 scrolls of fear
 C - a scroll of immolation
 F - 2 scrolls of torment
 H - a scroll of magic mapping
 J - a scroll of brand weapon
 K - 2 scrolls of holy word
 L - 4 scrolls of vulnerability
 S - 4 scrolls of enchant armour
Potions
 b - a potion of mutation {unknown}
 c - a potion of cancellation
 e - 2 potions of ambrosia
 l - 3 potions of might
 s - 6 potions of curing
 t - 2 potions of berserk rage
 z - 2 potions of attraction
 B - 2 potions of magic
 G - 3 potions of brilliance
 P - a potion of resistance
 R - a potion of lignification
 U - 3 potions of heal wounds
Miscellaneous
 X - a box of beasts


   Skills:
 + Level 17.5 Fighting
 - Level 1.7 Short Blades
 + Level 16.3 Maces & Flails
 - Level 11.0 Throwing
 - Level 6.0 Armour
 + Level 8.5 Dodging
 - Level 3.0 Stealth
 - Level 10.0 Evocations


You had 16 spell levels left.
You didn't know any spells.
Your spell library contained the following spells:

 Spells                   Type           Power      Damage    Failure   Level
 Sting                    Tmut/Pois      0%         1d3       32%         1
 Ensorcelled Hibernation  Hex/Ice        0%         N/A       45%         2
 Poisonous Vapours        Pois/Air       0%         N/A       45%         2
 Olgreb's Toxic Radiance  Pois           0%         N/A       97%         4
 Simulacrum               Ice/Necr       0%         N/A       100%        6
 Storm Form               Tmut/Air       0%         N/A       100%        7


Dungeon Overview and Level Annotations

Branches:
Dungeon (15/15)            Temple (1/1) D:6            Lair (6/6) D:9
 Shoals (0/4) Lair:2        Snake (1/4) Lair:2        Slime (1/5) Lair:5
    Orc (2/2) D:10            Elf (0/3) Orc:2        Vaults (0/5) D:13
 Depths (0/5) D:15

Altars:
Ashenzari
Cheibriados
Dithmenos
Elyvilon
Fedhas
Gozag
Hepliaklqana
Kikubaaqudgha
Makhleb
Nemelex Xobeh
Okawaru
Qazlal
Ru
Sif Muna
Trog
Uskayaw
Vehumet
Wu Jian
Xom
Yredelemnul
Zin
The Shining One

Shops:
D:1 *   D:6 =   D:10 :   Orc:2 ([((   Snake:1 ??

Portals:
Trove: D:14 (give +4 fire dragon scales)


Innate Abilities, Weirdness & Mutations

You are too large for most types of armour.
You have tough skin. (AC +1)


Message History

The nagaraja casts a spell at you. The poison arrow hits you!
You are more poisoned.
You partially resist.
* * * LOW HITPOINT WARNING * * *
Found a stone staircase leading down.
You feel very sick.
The naga ritualist invokes the aid of its god against you.
You resist with almost no effort. The nagaraja hits you with a +0 spear!!
* * * LOW HITPOINT WARNING * * *
The nagaraja closely misses you.
Things that are here:
a black mamba corpse; a black mamba corpse You hammer the naga ritualist like a gong!!!
The naga ritualist is almost dead.
You feel very sick. The naga ritualist spits poison at you.
The splash of poison hits you but does no damage.
You resist.
You bludgeon the naga ritualist!!
You kill the naga ritualist!
Trog accepts your kill.
You feel very sick.
The nagaraja points at you and mumbles some strange words.
The poison arrow hits you!!
You are more poisoned.
You partially resist.
* * * LOW HITPOINT WARNING * * *
The nagaraja spits poison at you. The splash of poison hits you. You resist.
* * * LOW HITPOINT WARNING * * *
You bludgeon the nagaraja!!
The nagaraja is heavily wounded.
You feel very sick.
A naga warrior comes into view. It is wielding a +0 scimitar.
You impale the nagaraja!!
The nagaraja is severely wounded.
You feel very sick. The nagaraja hits you with a +0 spear!!
You die...

#####.#..##
.................>######
..)....................#
..)....................#
.......................#
.......................#
.......................#
...............N)......#
................@......#
.................†.....#
.....................).#
.........N........[....#
......_................#
.......................#
......[................#
.......................#
.............[.........#


You could see a naga warrior and a nagaraja (fast, catching breath).

Vanquished Creatures
  Gastronok (D:10)
  Donald (Orc:2)
  An orc warlord (D:10)
  A quicksilver ooze (shapeshifter) (D:15)
  A dire elephant (Lair:6)
  Snorg (D:12)
  A fire dragon (Lair:6)
  Josephine (D:12)
  4 boulder beetles
  A naga warrior (Snake:1)
  11 hydras
  Erolcha (D:10)
  5 ogre magi
  3 catoblepae
  3 centaur warriors
  2 death knights
  A tengu warrior (D:15)
  17 two-headed ogres
  4 death yaks (Lair:6)
  3 skeletal warriors (D:12)
  2 deep trolls (D:15)
  2 naga ritualists (Snake:1)
  A swamp dragon (Lair:6)
  An orange crystal statue (D:14)
  2 necromancers (D:15)
  A lindwurm (Lair:1)
  3 harpies (D:15)
  2 deep elf pyromancers
  10 cyclopes
  5 manticores
  3 orc knights
  3 mana vipers (Snake:1)
  An orc sorcerer (Orc:2)
  4 oklob plants
  10 ugly things
  16 elephants
  A merfolk siren (Lair:2)
  3 salamanders (Snake:1)
  2 naga magi (Snake:1)
  15 black mambas
  The ghost of JonathMagnus the Caller, a novice DrSu (D:4)
  A torpor snail (Lair:5)
  A gargoyle (D:10)
  13 cane toads
  2 freezing wraiths
  6 rime drakes
  2 kobold demonologists (D:9)
  9 komodo dragons
  A yaktaur (D:13)
  2 merfolk (Lair:2)
  A tengu conjurer (D:13)
  5 trolls
  A meliai (D:13)
  12 polar bears
  A hornet (D:8)
  Grinder (D:4)
  A meliai (shapeshifter) (D:13)
  15 blink frogs
  3 raiju (Lair:6)
  5 slime creatures
  2 shadows (D:12)
  5 wyverns
  A vampire (D:12)
  4 wraiths (D:12)
  49 yaks
  7 basilisks
  A yak (shapeshifter) (D:13)
  5 steam dragons
  11 vampire mosquitoes
  A swamp worm (shapeshifter) (D:13)
  An acid dragon (D:11)
  9 wargs
  13 nagas
  12 water moccasins
  A floating eye (shapeshifter) (D:13)
  11 hell hounds (Lair:6)
  An ice beast (D:5)
  25 orc warriors
  16 black bears
  3 swamp drakes (Lair:6)
  37 ogres
  A sky beast (D:6)
  4 boggarts (D:15)
  16 wolves (Lair:6)
  17 centaurs
  A phantom (D:4)
  7 kobold brigands
  9 bullfrogs
  A gnoll sergeant (D:7)
  A wyvern zombie (D:5)
  A water moccasin zombie (D:7)
  11 killer bees
  13 wights
  8 howler monkeys
  5 centaur zombies
  A bullfrog zombie (D:5)
  9 hounds
  3 jellies
  7 orc priests
  2 gnoll shamans (D:7)
  A bullfrog skeleton (D:6)
  A centaur skeleton (D:5)
  10 iguanas
  Ijyb (D:4)
  17 orc wizards
  2 killer bee zombies
  A howler monkey zombie (D:5)
  5 gnolls (D:7)
  6 adders
  2 adder skeletons (D:4)
  3 worms
  A dart slug (D:5)
  55 orcs
  8 endoplasms
  A giant cockroach (D:2)
  6 goblins
  13 hobgoblins
  4 jackals (D:4)
  21 kobolds
  A quokka (D:2)
  5 ball pythons
  A bat (shapeshifter) (D:13)
  A bat (D:2)
  3 frilled lizards (D:2)
  5 rats
739 creatures vanquished.

Vanquished Creatures (collateral kills)
  Rupert (Lair:3)
  Sonja (Orc:2)
  A deep elf pyromancer (D:12)
  A cane toad (Lair:1)
  A rime drake (Lair:1)
  A golden eye (shapeshifter) (D:13)
  A water moccasin (Lair:1)
  3 wolves (Lair:6)
  A bullfrog (Lair:1)
  An orc priest (Orc:2)
  3 orcs (Orc:2)
15 creatures vanquished.

Vanquished Creatures (others)
  A hell hound (Lair:6)
  An orc (D:6)
  A kobold (D:9)
  9 fungi
  76 plants
  A withered plant (D:15)
89 creatures vanquished.

Grand Total: 843 creatures vanquished

Notes
Turn   | Place    | Note
-------+----------+-------------------------------------------
     0 | D:1      | bearlyready the Ogre Brigand began the quest for the Orb.
     0 | D:1      | Reached XP level 1. HP: 22/22 MP: 1/1
   111 | D:1      | Found a faded altar of an unknown god.
   518 | D:1      | Found Quxoimo's Assorted Antiques.
   595 | D:1      | Reached XP level 2. HP: 29/29 MP: 2/2
  1382 | D:2      | Reached XP level 3. HP: 36/36 MP: 3/3
  1508 | D:2      | Reached skill level 1 in Maces & Flails
  2198 | D:3      | Reached XP level 4. HP: 12/44 MP: 4/4
  3203 | D:4      | Noticed Ijyb
  3210 | D:4      | Killed Ijyb
  3546 | D:4      | Reached XP level 5. HP: 34/52 MP: 5/5
  3855 | D:4      | Found a transporter.
  3859 | D:4      | Noticed JonathMagnus's ghost (novice DrSu)
  3862 | D:4      | Found a transporter.
  3863 | D:4      | Identified the +1 dire flail "Qixiab" {venom, rElec SInv
                  | Stlth+}
  3863 | D:4      | Noticed an ogre
  3924 | D:4      | Noticed a phantom
  3940 | D:4      | Killed a phantom
  4051 | D:4      | Noticed Grinder
  4081 | D:4      | Killed Grinder
  4082 | D:4      | Reached skill level 5 in Maces & Flails
  4082 | D:4      | Reached XP level 6. HP: 5/59 MP: 6/6
  4372 | D:4      | Noticed a black bear
  4394 | D:4      | Killed a black bear
  4395 | D:4      | Reached XP level 7. HP: 49/66 MP: 7/7
  4728 | D:4      | Found the +0 mask of the Dragon {Will+ Slay+3 SInv}
  4989 | D:4      | Found a shadowy altar of Dithmenos.
  5275 | D:5      | Entered Level 5 of the Dungeon
  5610 | D:5      | Noticed a two-headed ogre
  6811 | D:5      | Reached XP level 8. HP: 46/74 MP: 8/8
  7118 | D:5      | You fall into a shaft and drop 1 floor!
  7118 | D:6      | Found Gizunko's Jewellery Shoppe.
  7255 | D:6      | Found a staircase to the Ecumenical Temple.
  7269 | Temple   | Entered the Ecumenical Temple
  7540 | Temple   | Became a worshipper of Ru the Awakened
  8426 | D:5      | Found an ancient bone altar of Kikubaaqudgha.
  9541 | D:6      | Reached XP level 9. HP: 74/80 MP: 9/9
  9718 | D:7      | Reached skill level 10 in Maces & Flails
 10513 | D:7      | Got the Catalogue of Transmutation and the Frostbite
 10705 | Temple   | Fell from the grace of Ru
 10705 | Temple   | Became a worshipper of Trog the Wrathful
 11207 | D:7      | Reached skill level 3 in Fighting
 11350 | D:7      | Reached skill level 1 in Evocations
 11877 | D:8      | Reached skill level 4 in Fighting
 11877 | D:8      | Reached XP level 10. HP: 73/92 MP: 10/10
 11902 | D:8      | Reached skill level 5 in Fighting
 12696 | D:8      | Reached * piety under Trog
 12970 | D:8      | Reached skill level 5 in Throwing
 13285 | D:8      | Found a glowing silver altar of Zin.
 13365 | D:8      | Reached skill level 6 in Fighting
 13443 | D:8      | Found a hazy altar of Hepliaklqana.
 13444 | D:8      | Found an opulent altar of Gozag.
 13444 | D:8      | Found a hide-covered altar of Uskayaw.
 13640 | D:9      | Found a staircase to the Lair.
 13735 | D:9      | Noticed a kobold demonologist
 13735 | D:9      | Noticed a kobold demonologist
 14149 | D:4      | Killed JonathMagnus's ghost
 14420 | D:4      | Killed a two-headed ogre
 14421 | D:4      | Reached skill level 7 in Fighting
 14421 | D:4      | Reached XP level 11. HP: 66/109 MP: 11/11
 14886 | D:9      | Noticed a soul eater
 14894 | D:9      | Reached ** piety under Trog
 15703 | D:9      | Noticed a cyclops
 16082 | D:9      | Reached skill level 8 in Fighting
 16381 | D:9      | Killed a cyclops
 16431 | D:10     | Entered Level 10 of the Dungeon
 16660 | D:10     | Found a burning altar of Makhleb.
 16670 | D:10     | Noticed a two-headed ogre
 16681 | D:10     | Killed a two-headed ogre
 16682 | D:10     | Reached skill level 5 in Evocations
 16730 | D:10     | Identified the +0 robe of the Trees {Harm Dex+4}
 16803 | D:10     | Noticed a two-headed ogre
 16813 | D:10     | Killed a two-headed ogre
 16891 | D:10     | Reached skill level 9 in Fighting
 17099 | D:10     | Found Irisah's Book Shoppe.
 17120 | D:10     | Found a staircase to the Orcish Mines.
 17126 | D:10     | Noticed Erolcha
 17147 | D:10     | Killed Erolcha
 17147 | D:10     | Reached *** piety under Trog
 17384 | D:11     | Noticed a cyclops
 17405 | D:11     | Killed a cyclops
 17438 | D:11     | Noticed a cyan ugly thing
 17452 | D:11     | Killed a cyan ugly thing
 17559 | D:11     | Reached XP level 12. HP: 124/126 MP: 12/12
 17580 | D:11     | Noticed a boulder beetle
 17589 | D:11     | Killed a boulder beetle
 17590 | D:11     | Reached skill level 10 in Fighting
 17749 | D:11     | Noticed a two-headed ogre
 17765 | D:11     | Killed a two-headed ogre
 18811 | D:12     | Noticed Josephine
 18822 | D:12     | Killed Josephine
 18863 | D:12     | Reached skill level 11 in Fighting
 18932 | D:12     | Reached **** piety under Trog
 19275 | D:12     | Noticed Snorg
 19288 | D:12     | Killed Snorg
 19289 | D:12     | Reached XP level 13. HP: 52/137 MP: 13/13
 19822 | D:13     | You fall into a shaft and drop 2 floors!
 19822 | D:15     | Entered Level 15 of the Dungeon
 20108 | D:14     | Reached skill level 12 in Fighting
 20283 | D:14     | Found a stormy altar of Qazlal.
 20438 | D:13     | Reached skill level 10 in Throwing
 20449 | D:13     | Reached skill level 1 in Dodging
 20460 | D:13     | Found a gate to the Vaults.
 20672 | Lair:1   | Entered Level 1 of the Lair of Beasts
 20952 | Lair:1   | Reached skill level 1 in Armour
 21552 | Lair:2   | Found a staircase to the Snake Pit.
 21661 | Lair:2   | Reached ***** piety under Trog
 22225 | Lair:2   | Found a staircase to the Shoals.
 22832 | Lair:3   | Noticed Rupert
 22844 | Lair:3   | Killed Rupert
 22845 | Lair:3   | Reached XP level 14. HP: 131/150 MP: 14/14
 23002 | Lair:3   | Found an opulent altar of Gozag.
 23148 | Lair:3   | Reached skill level 13 in Fighting
 24398 | Lair:5   | Received a gift from Trog
 24798 | Lair:5   | Found the +2 robe of Vines {NoPotionHeal Regen+++}
 24802 | Lair:5   | Found a transporter.
 24814 | Lair:5   | Found a transporter.
 24875 | Lair:5   | Found a staircase to the Slime Pits.
 25469 | Lair:6   | Entered Level 6 of the Lair of Beasts
 25675 | Lair:6   | Reached skill level 5 in Dodging
 25854 | Lair:6   | Reached skill level 14 in Fighting
 25872 | Lair:6   | Reached XP level 15. HP: 115/163 MP: 15/15
 25896 | Lair:6   | Received a gift from Trog
 25955 | Lair:6   | Identified a scroll of acquirement
 25955 | Lair:6   | Acquired 776 gold pieces
 25974 | Lair:6   | Reached skill level 5 in Armour
 26755 | Lair:6   | Identified the +3 leather armour "Lenuppoi" {rN+ SInv}
 27701 | D:14     | Received a gift from Trog
 27707 | D:14     | Reached skill level 10 in Evocations
 27849 | D:14     | Found a portal to a secret trove of treasure.
 28329 | D:15     | Reached skill level 15 in Fighting
 28331 | D:15     | Reached skill level 15 in Maces & Flails
 28643 | D:15     | Reached XP level 16. HP: 131/176 MP: 5/16
 29312 | D:15     | Found a staircase to the Depths.
 29893 | Orc:1    | Entered Level 1 of the Orcish Mines
 29893 | Orc:1    | Noticed Gastronok
 29906 | D:10     | Reached skill level 16 in Fighting
 29991 | D:10     | Killed Gastronok
 30144 | Orc:2    | Entered Level 2 of the Orcish Mines
 30150 | Orc:2    | Noticed Sonja
 30170 | Orc:2    | Killed Sonja
 30174 | Orc:2    | Reached ****** piety under Trog
 30175 | Orc:2    | Received a gift from Trog
 30405 | Orc:2    | Noticed Donald
 30421 | Orc:2    | Killed Donald
 30824 | Orc:2    | Received a gift from Trog
 30825 | Orc:2    | Reached skill level 17 in Fighting
 31018 | Orc:2    | Found Facaaczi's Armour Emporium.
 31018 | Orc:2    | Found Asucer's Weapon Boutique.
 31019 | Orc:2    | Found Gialane's Antique Weapon Shop.
 31019 | Orc:2    | Found Owiwn's Antique Weapon Emporium.
 31115 | Orc:2    | Found a staircase to the Elven Halls.
 31295 | Slime:1  | Entered Level 1 of the Pits of Slime
 31376 | Snake:1  | Entered Level 1 of the Snake Pit
 31574 | Snake:1  | Found a broken altar of Ashenzari.
 31716 | Snake:1  | Found Kucwyg's Magic Scroll Shoppe.
 31718 | Snake:1  | Found Fittes's Magic Scroll Emporium.
 31720 | Snake:1  | Found Emifiorgh's Armour Shoppe.
 31737 | Snake:1  | Reached XP level 17. HP: 82/192 MP: 17/17
 31768 | Snake:1  | Bought a scroll of teleportation for 36 gold pieces
 31768 | Snake:1  | Bought a scroll of fog for 24 gold pieces
 31768 | Snake:1  | Bought a scroll of teleportation for 36 gold pieces
 31770 | Snake:1  | Bought a scroll of blinking for 135 gold pieces
 31770 | Snake:1  | Bought a scroll of teleportation for 54 gold pieces
 31770 | Snake:1  | Bought a scroll of enchant armour for 135 gold pieces
 31772 | Snake:1  | Bought a scroll of summoning for 114 gold pieces
 32098 | Snake:1  | Slain by a nagaraja

Illustrated notes

Levels and vault maps discovered:
D:1:      wheals_arrival_linesprint, layout_loops_ring,
          shapermc_ecumenical_altar_gd, serial_shops, nicolae_square_shop,
          chequers_serial_rivers_micro_c
D:2:      layout_loops_ring, minmay_misc_feat_x
D:3:      layout_basic
D:4:      layout_layer_cave, nicolae_dithmenos_through_a_glass_darkly,
          gammafunk_ghost_smash, uniq_grinder, uniq_ijyb
D:5:      layout_basic, kennysheep_mini
D:6:      layout_loops_ring, minmay_temple_entry_mist, serial_shops, shop,
          nicolae_benzene_ring, grunt_ministairs_11,
          corexii_item_surrounded_by_moat, minmay_misc_feat_alley,
          kennysheep_opposing_triangles
D:7:      kennysheep_housing_project, layout_basic, kennysheep_generic_room_13
D:8:      layout_loops_ring, gammafunk_temple_overflow_forgotten,
          mainiacjoe_overflow_boulevard
D:9:      layout_gridville, david_lair_generic
D:10:     cheibrodos_helix_gallery, layout_basic, bloody_makhleb, orc_0_dummy,
          serial_shops, shop, uniq_erolcha
D:11:     layout_basic, billiards_dpeg
D:12:     layout_basic, uniq_snorg, uniq_josephine
D:13:     layout_small_grid, david_vaults_2, minivault_28
D:14:     layout_loops_corners, enter_trove_6, nicolae_qazlal_style_of_elements,
          minivault_16, hangedman_decor_points
D:15:     hangedman_depths_entry_civil_slaughter, layout_layer_cave,
          argonaut_gorgonesque
Temple:   regret_index_temple_generic_petals
Lair:1:   layout_regular_city
Lair:2:   layout_hall_layers, elwin_shoals_entry_rooms,
          minmay_snake_entry_guardpost_medium, lemuel_fruit_tree
Lair:3:   layout_regular_city, basic_altar, uniq_rupert
Lair:4:   layout_loops_ring
Lair:5:   gammafunk_boulding_lane, layout_hall_layers,
          minmay_slime_entry_pillars, hellmonk_guarded_unrand_vines
Lair:6:   guppyfry_lair_end_dragon, layout_gridlike,
          hangedman_lair_caniforms_friends, minmay_lair_oklob_chamber,
          grunt_megastairs_3
Snake:1:  layout_basic, basic_altar, serial_bayou_shore_b, minmay_shop_star
Slime:1:  layout_caves, basic_altar, cheibrodos_slime_lost_civilization_6
Orc:1:    layout_diamond_mine, uniq_gastronok
Orc:2:    st_orc_ogre_mass, layout_diamond_mine, uniq_sonja, uniq_donald

Skill      XL: |  1  2  3  4  5  6  7  8  9 10 11 12 13 14 15 16 |
---------------+-------------------------------------------------+-----
Throwing       | 3 6 7 9 10 11 | 11.0
Stealth        | 3 |  3.0
Maces & Flails | 2 3 5 6 7 9 11 12 13 14 15 16 | 16.3
Fighting       | 4 7 9 11 12 14 15 17 | 17.5
Evocations     | 1 4 5 7 8 9 10 | 10.0
Dodging        | 3 5 7 8 |  8.5
Armour         | 2 4 6 |  6.0
Short Blades   | |  1.7

Action                   |  1- 3 |  4- 6 |  7- 9 | 10-12 | 13-15 | 16-18 || total
-------------------------+-------+-------+-------+-------+-------+-------++-------
Melee: Dagger            |    44 |       |       |       |       |       ||    44
       Whip              |    41 |    42 |     7 |       |       |       ||    90
       Dire flail        |       |    33 |   301 |   523 |   914 |       ||  1771
       Great mace        |       |       |       |       |   363 |   194 ||   557
       Giant spiked club |       |       |       |       |       |   243 ||   243
Throw: Dart              |     8 |    21 |    27 |    87 |    33 |       ||   176
       Throwing net      |     2 |     1 |       |       |     2 |       ||     5
       Stone             |       |       |     4 |       |       |       ||     4
       Boomerang         |       |       |     4 |    22 |    25 |     9 ||    60
       Large rock        |       |       |       |     9 |    38 |    20 ||    67
Invok: Berserk           |       |       |       |     2 |     1 |     3 ||     6
       Brothers in Arms  |       |       |       |       |     1 |       ||     1
Evoke: Wand              |       |       |     1 |    11 |    12 |     4 ||    28
       Box of beasts     |       |       |       |       |     2 |     2 ||     4
  Use: Potion            |     1 |     2 |       |       |     5 |     1 ||     9
       Scroll            |       |     3 |     5 |     5 |    12 |     4 ||    29
 Stab: Sleeping          |     8 |     1 |     8 |     7 |     6 |     2 ||    32
       Held in net/web   |       |     1 |       |       |     1 |       ||     2
       Distracted        |       |       |     1 |     2 |     1 |     2 ||     6
       Paralysed         |       |       |     1 |       |       |     3 ||     4
       Confused          |       |       |       |       |     1 |       ||     1
       Petrified         |       |       |       |       |     1 |       ||     1
       Invisible         |       |       |       |       |       |     3 ||     3
Armor: Robe              |    22 |    21 |    65 |    73 |   130 |   123 ||   434
       Troll leather arm |       |       |       |    62 |   152 |       ||   214
Dodge: Dodged            |    30 |    22 |   185 |   220 |   767 |   478 ||  1702
